Demolitions vs Remparts
(R1)
Created - January 3, 2020 at 19:01
Goals
|
| Demolitions |
0 |
1 |
1 |
2 |
| Remparts |
0 |
2 |
1 |
3 |
|
Shots
|
| Demolitions |
13 |
17 |
13 |
43 |
| Remparts |
6 |
13 |
7 |
26 |
|
1st period
No Goal
Penalties :
Pontus Aberg (Que) for Interference (Minor) at 8:05, Jake Muzzin (Vic) for Hooking (Minor) at 10:55, Viktor Baldayev (Que) for Hooking (Minor) at 14:52, Mark Pysyk (Que) for Hooking (Minor) at 18:06
2nd period
1. Demolitions , Lane MacDermid 12 (Phil McRae 6) at 4:09
2. Remparts , Brendan Perlini 3 (Niklas Hansson 6, Guillaume Desbiens 12) at 11:35
3. Remparts , Ryan Strome 12 (Pontus Aberg 17, Max Reinhart 23) at 14:13
Penalties :
Mark Pysyk (Que) for Hooking (Minor) at 1:39, Ryan Strome (Que) for Hooking (Minor) at 11:57, Ryan Strome (Que) for Hooking (Minor) at 16:33, Ryan Strome (Que) for Tripping (Minor) at 18:33
3rd period
4. Demolitions , Nikita Tryamkin 2 (Taylor Beck 14, J.T. Brown 18) at 13:29 (PP)
5. Remparts , Max Reinhart 11 (Ryan Strome 19) at 13:33
Penalties :
Robert Bortuzzo (Vic) for High sticking (Minor) at 2:07, Phil McRae (Vic) for Hooking (Minor) at 8:26, Matt Puempel (Que) for Holding Stick (Minor) at 11:56
Goalie Stats
Alex Stalock (Vic), 23 saves from 26 shots - (0.885), L, 1-1-0, 58:45 minutes
Garret Sparks (Que), 41 saves from 43 shots - (0.953), W, 4-2-1, 60:00 minutes
Players Stats for Demolitions
Player Name G A P +/- PIM S H SB GA TA FO MP PP MP PK MP
------------------------------------------------------------------------------------
Aaron Palushaj 0 0 0 0 0 0 0 0 0 0 0/0 0:10 0:05 0:00
Alex Hutchings 0 0 0 0 0 0 1 0 0 0 0/0 1:18 0:00 1:02
Andrej Nestrasil 0 0 0 0 0 0 3 0 0 0 5/7 15:41 6:45 0:00
Brandon Saad 0 0 0 -2 0 3 0 0 1 1 0/4 22:44 8:36 1:50
Christoph Bertschy 0 0 0 0 0 1 0 0 0 0 2/3 6:03 0:00 0:00
Colton Sceviour 0 0 0 0 0 0 0 0 0 0 0/0 0:00 0:00 0:00
Daultan Leveillé 0 0 0 -2 0 2 1 0 0 0 26/41 24:33 8:41 3:05
Dennis Everberg 0 0 0 0 0 3 0 0 0 0 0/1 10:35 0:00 0:00
J.T. Brown 0 1 1 0 0 4 0 0 1 1 1/2 17:31 6:45 1:50
Jake Muzzin 0 0 0 -2 2 7 2 0 0 2 0/0 26:04 8:58 2:09
Jared Staal 0 0 0 0 0 0 0 0 0 0 0/0 0:10 0:05 0:00
Jonathan Blum 0 0 0 -2 0 4 1 1 2 1 0/0 28:51 8:58 3:33
Joshua Leivo 0 0 0 0 0 1 0 0 0 0 0/0 6:03 0:00 0:00
Lane MacDermid 1 0 1 0 0 5 1 1 0 1 0/0 10:35 0:00 0:00
Max Friberg 0 0 0 0 0 2 0 0 0 0 1/1 6:03 0:00 0:00
Mitch Callahan 0 0 0 0 0 0 0 0 0 0 0/0 0:00 0:00 0:00
Nick Pryor 0 0 0 0 0 1 0 0 0 0 0/0 2:56 0:00 0:44
Nikita Tryamkin 1 0 1 0 0 2 0 1 0 1 0/0 21:58 6:28 2:24
Phil Di Giuseppe 0 0 0 0 0 0 0 0 0 0 0/0 1:18 0:00 1:02
Phil McRae 0 1 1 0 2 1 2 0 0 0 1/8 10:50 0:00 0:00
Robert Bortuzzo 0 0 0 0 2 0 0 1 1 0 0/0 20:39 6:28 1:32
Ryan Pulock 0 0 0 0 0 1 0 0 1 0 0/0 9:11 0:00 0:00
Spencer Machacek 0 0 0 -2 0 4 1 0 1 2 3/4 24:23 8:36 3:05
Taylor Aronson 0 0 0 0 0 0 0 0 0 0 0/0 10:43 0:00 1:32
Taylor Beck 0 1 1 0 0 2 3 0 1 0 0/0 15:41 6:45 0:00
Players Stats for Remparts
Player Name G A P +/- PIM S H SB GA TA FO MP PP MP PK MP
------------------------------------------------------------------------------------
Brendan Perlini 1 0 1 0 0 2 0 0 0 0 0/0 12:18 2:51 0:00
Cédric Lalonde-McNicoll 0 0 0 0 0 1 1 1 0 0 6/9 14:52 0:00 4:27
Guillaume Desbiens 0 1 1 0 0 0 0 1 1 0 1/2 16:52 2:51 4:27
Jake Virtanen 0 0 0 0 0 2 0 0 0 0 1/2 9:49 0:00 3:28
Jonathan Matsumoto 0 0 0 0 0 1 3 1 0 1 3/7 12:49 2:51 0:31
Keaton Thompson 0 0 0 0 0 0 0 0 0 1 0/0 11:42 1:43 0:45
Mark Pysyk 0 0 0 1 4 3 2 4 2 1 0/0 27:37 4:14 6:10
Matt Puempel 0 0 0 0 2 1 2 0 0 0 0/0 10:31 0:00 0:14
Max Reinhart 1 1 2 2 0 3 1 0 2 1 18/45 24:26 2:59 9:08
Michal Jordan 0 0 0 1 0 0 0 2 1 0 0/0 23:46 4:14 7:34
Nail Yakupov 0 0 0 0 0 2 1 1 1 1 1/1 10:38 0:07 0:00
Niklas Hansson 0 1 1 1 0 1 1 3 0 1 0/0 25:28 1:43 8:54
Pontus Aberg 0 1 1 2 2 3 2 0 0 0 1/1 14:42 2:59 0:00
Roberts Lipsbergs 0 0 0 0 0 0 0 0 0 1 0/0 9:48 0:07 3:05
Ryan Strome 1 1 2 2 6 3 1 0 2 0 0/1 20:46 2:59 5:32
Sam Reinhart 0 0 0 0 0 1 2 0 0 0 1/3 6:10 0:07 0:00
Viktor Baldayev 0 0 0 0 2 1 0 0 0 0 0/0 10:27 0:00 1:07
William Colbert 0 0 0 1 0 2 0 1 0 1 0/0 21:45 0:00 6:22
3 Stars
1 - Garret Sparks (Que)
2 - Max Reinhart (Que)
3 - Niklas Hansson (Que)
Power Play
Demolitions - 1 on 8 Attempt(s) - 12.50%
Remparts - 0 on 3 Attempt(s) - 0.00%
Penalty Kill
Demolitions - 3 on 3 Attempt(s) - 100.00%
- Score 0 goal in Penalty Kill
Remparts - 7 on 8 Attempt(s) - 87.50%
- Score 0 goal in Penalty Kill
Team Stat
Demolitions - Hits : 15 - Faceoff Wins : 39 - Blocked Shots : 4 - Penalty Minutes : 6
Remparts - Hits : 16 - Faceoff Wins : 32 - Blocked Shots : 14 - Penalty Minutes : 16
Official
Referees : Unknown
Linesman : Unknown
Game Notes
No Game Note
Finance
Level 1 -- Attendance: 1471 (73.55%) -- Ticket Income $44,130
Level 2 -- Attendance: 675 (67.50%) -- Ticket Income $13,500
Total Attendance: 2146 (71.53%)
Total Ticket Income: $57,630
Other Income: $2,882
Total Income: $60,512
Demolitions
5 vs 5 Forward
Center Left Wing Right Wing Time % Phy DF OF
1 Daultan Leveillé Brandon Saad Spencer Machacek 40 1 2 2
2 Andrej Nestrasil Taylor Beck J.T. Brown 30 1 2 2
3 Phil McRae Lane MacDermid Dennis Everberg 20 1 2 2
4 Christoph Bertschy Joshua Leivo Max Friberg 10 1 2 2
5 vs 5 Defense
Defense Defense Time % Phy DF OF
1 Jonathan Blum Jake Muzzin 40 1 2 2
2 Nikita Tryamkin Robert Bortuzzo 30 1 2 2
3 Ryan Pulock Taylor Aronson 20 1 2 2
4 Nick Pryor Jonathan Blum 10 1 2 2
PowerPlay Forward
Center Left Wing Right Wing Time % Phy DF OF
1 Daultan Leveillé Brandon Saad Spencer Machacek 60 1 2 2
2 Andrej Nestrasil Taylor Beck J.T. Brown 40 1 2 2
PowerPlay Defense
Defense Defense Time % Phy DF OF
1 Jonathan Blum Jake Muzzin 60 1 2 2
2 Nikita Tryamkin Robert Bortuzzo 40 1 2 2
Penalty Kill 4 Players Forward
Center Wing Time % Phy DF OF
1 Spencer Machacek Daultan Leveillé 60 1 2 2
2 J.T. Brown Brandon Saad 40 1 2 2
Penalty Kill 4 Players Defense
Defense Defense Time % Phy DF OF
1 Jonathan Blum Jake Muzzin 60 1 2 2
2 Nikita Tryamkin Robert Bortuzzo 40 1 2 2
Penalty Kill - 3 Players Forward
Forward Time % Phy DF OF
1 Spencer Machacek 60 1 2 2
2 Daultan Leveillé 40 1 2 2
Penalty Kill - 3 Players Defense
Defense Defense Time % Phy DF OF
1 Jonathan Blum Jake Muzzin 60 1 2 2
2 Nikita Tryamkin Robert Bortuzzo 40 1 2 2
4 vs 4 Forward
Center Wing Time % Phy DF OF
1 Spencer Machacek Daultan Leveillé 60 1 2 2
2 J.T. Brown Brandon Saad 40 1 2 2
4 vs 4 Defense
Defense Defense Time % Phy DF OF
1 Jonathan Blum Jake Muzzin 60 1 2 2
2 Nikita Tryamkin Robert Bortuzzo 40 1 2 2
Last Minutes Offensive
Center Left Wing Right Wing Defense Defense
Daultan Leveillé Brandon Saad Spencer Machacek Jonathan Blum Jake Muzzin
Last Minutes Defensive
Center Left Wing Right Wing Defense Defense
Daultan Leveillé Brandon Saad Spencer Machacek Jonathan Blum Jake Muzzin
Goaltenders
Starting : Alex Stalock
Backup : Antti Raanta
Extra Forwards
Normal : Aaron Palushaj, Jared Staal, Phil Di Giuseppe - PP : Aaron Palushaj, Jared Staal - PK : Phil Di Giuseppe
Extra Defensemen
Normal : Ryan Pulock, Taylor Aronson, Nick Pryor - PP : Ryan Pulock - PK : Taylor Aronson, Nick Pryor
Penalty Shots
Spencer Machacek, Daultan Leveillé, J.T. Brown, Brandon Saad, Dennis Everberg
Scratches
Tommy Vannelli (Healthy), Thomas DiPauli (Healthy), Tyler Graovac (Healthy), Taylor Leier (Healthy), Michael Prapavessis (Healthy)
Jaedon Descheneau (Healthy), Jake Paterson (Healthy), Francois Tremblay (Healthy), Brandon Halverson (Healthy)
Remparts
5 vs 5 Forward
Center Left Wing Right Wing Time % Phy DF OF
1 Max Reinhart Pontus Aberg Ryan Strome 40 0 2 3
2 Jonathan Matsumoto Brendan Perlini Guillaume Desbiens 30 0 2 3
3 Cédric Lalonde-McNicoll Matt Puempel Nail Yakupov 20 0 2 3
4 Sam Reinhart Roberts Lipsbergs Jake Virtanen 10 1 2 2
5 vs 5 Defense
Defense Defense Time % Phy DF OF
1 Mark Pysyk William Colbert 40 0 2 3
2 Michal Jordan Niklas Hansson 30 1 2 2
3 Viktor Baldayev Keaton Thompson 20 1 2 2
4 Mark Pysyk William Colbert 10 1 2 2
PowerPlay Forward
Center Left Wing Right Wing Time % Phy DF OF
1 Max Reinhart Pontus Aberg Ryan Strome 60 0 0 4
2 Jonathan Matsumoto Brendan Perlini Guillaume Desbiens 40 0 1 4
PowerPlay Defense
Defense Defense Time % Phy DF OF
1 Mark Pysyk Michal Jordan 60 0 2 3
2 Niklas Hansson Keaton Thompson 40 0 2 3
Penalty Kill 4 Players Forward
Center Wing Time % Phy DF OF
1 Max Reinhart Ryan Strome 60 1 3 1
2 Cédric Lalonde-McNicoll Guillaume Desbiens 40 1 3 1
Penalty Kill 4 Players Defense
Defense Defense Time % Phy DF OF
1 Mark Pysyk Niklas Hansson 60 1 4 0
2 William Colbert Michal Jordan 40 1 4 0
Penalty Kill - 3 Players Forward
Forward Time % Phy DF OF
1 Max Reinhart 60 1 3 1
2 Ryan Strome 40 1 3 1
Penalty Kill - 3 Players Defense
Defense Defense Time % Phy DF OF
1 Mark Pysyk Niklas Hansson 60 1 4 0
2 William Colbert Michal Jordan 40 1 4 0
4 vs 4 Forward
Center Wing Time % Phy DF OF
1 Max Reinhart Ryan Strome 60 0 2 3
2 Jonathan Matsumoto Pontus Aberg 40 0 2 3
4 vs 4 Defense
Defense Defense Time % Phy DF OF
1 Mark Pysyk William Colbert 60 0 3 2
2 Michal Jordan Niklas Hansson 40 0 3 2
Last Minutes Offensive
Center Left Wing Right Wing Defense Defense
Max Reinhart Pontus Aberg Ryan Strome Mark Pysyk William Colbert
Last Minutes Defensive
Center Left Wing Right Wing Defense Defense
Max Reinhart Pontus Aberg Ryan Strome Mark Pysyk Niklas Hansson
Goaltenders
Starting : Garret Sparks
Backup : Igor Bobkov
Extra Forwards
Normal : Sam Reinhart, Ryan Strome, Max Reinhart - PP : Sam Reinhart, Ryan Strome - PK : Jake Virtanen
Extra Defensemen
Normal : Michal Jordan, William Colbert, Mark Pysyk - PP : Keaton Thompson - PK : Michal Jordan, William Colbert
Penalty Shots
Jonathan Matsumoto, Ryan Strome, Cédric Lalonde-McNicoll, Pontus Aberg, Max Reinhart
Scratches
Juuso Ikonen (Healthy), Michael Downing (Healthy), Colin Smith (Healthy), Kyle Platzer (Healthy), Connor Honey (Healthy)
Anton Zlobin (Healthy), Mitchell Heard (Healthy), Tim Bozon (Healthy), Nelson Nogier (Healthy), Marek Langhamer (Healthy)
% Time on Ice - Demolitions
Lines # - Real PCT - Wanted PCT - Time Play
Normal Forward
1 - 32% - 40% - 12:13
2 - 24% - 30% - 8:56
3 - 28% - 20% - 10:35
4 - 16% - 10% - 6:03
Normal Defense
1 - 36% - 40% - 13:44
2 - 35% - 30% - 13:06
3 - 24% - 20% - 9:11
4 - 5% - 10% - 1:46
PP Forward
1 - 56% - 60% - 8:41
2 - 44% - 40% - 6:45
PP Defense
1 - 58% - 60% - 8:58
2 - 42% - 40% - 6:28
PK Forward
1 - 69% - 60% - 4:07
2 - 31% - 40% - 1:50
PK Defense
1 - 60% - 60% - 3:33
2 - 40% - 40% - 2:24
PK3 Forward
1 - 0% - 60%
2 - 0% - 40%
PK3 Defense
1 - 0% - 60%
2 - 0% - 40%
44 Forward
1 - 0% - 60%
2 - 0% - 40%
44 Defense
1 - 0% - 60%
2 - 0% - 40%
Last Minute Offensive - 0:50
Last Minute Defensive - 0:00
Total
Forward - 60:00
Defense - 60:00
|
% Time on Ice - Remparts
Lines # - Real PCT - Wanted PCT - Time Play
Normal Forward
1 - 32% - 40% - 12:05
2 - 25% - 30% - 9:34
3 - 27% - 20% - 10:18
4 - 15% - 10% - 5:50
Normal Defense
1 - 44% - 40% - 16:30
2 - 32% - 30% - 11:56
3 - 22% - 20% - 8:28
4 - 2% - 10% - 0:53
PP Forward
1 - 52% - 60% - 3:06
2 - 48% - 40% - 2:51
PP Defense
1 - 71% - 60% - 4:14
2 - 29% - 40% - 1:43
PK Forward
1 - 71% - 60% - 10:59
2 - 29% - 40% - 4:27
PK Defense
1 - 65% - 60% - 10:01
2 - 35% - 40% - 5:25
PK3 Forward
1 - 0% - 60%
2 - 0% - 40%
PK3 Defense
1 - 0% - 60%
2 - 0% - 40%
44 Forward
1 - 0% - 60%
2 - 0% - 40%
44 Defense
1 - 0% - 60%
2 - 0% - 40%
Last Minute Offensive - 0:00
Last Minute Defensive - 0:50
Total
Forward - 60:00
Defense - 60:00
|
Play-by-Play
1st period
0:01 of 1st period - Daultan Leveillé wins face-off versus Max Reinhart in neutral zone.
0:04 of 1st period - Wrist shot by Brandon Saad.
0:04 of 1st period - Shot Misses the Net.
0:06 of 1st period - Slapshot by Daultan Leveillé.
0:06 of 1st period - Stopped by Garret Sparks without a rebound.
0:07 of 1st period - Daultan Leveillé wins face-off versus Max Reinhart in Remparts zone.
1:16 of 1st period - Off-side.
1:17 of 1st period - Christoph Bertschy wins face-off versus Sam Reinhart in neutral zone.
1:41 of 1st period - Max Friberg is hit by Sam Reinhart and loses puck.
2:59 of 1st period - Snap shot by Mark Pysyk.
2:59 of 1st period - Stopped by Alex Stalock without a rebound.
3:00 of 1st period - Pontus Aberg wins face-off versus Daultan Leveillé in Demolitions zone.
3:01 of 1st period - Snap shot by Ryan Strome.
3:01 of 1st period - Stopped by Alex Stalock without a rebound.
3:02 of 1st period - Daultan Leveillé wins face-off versus Max Reinhart in Demolitions zone.
3:10 of 1st period - Off-side.
3:11 of 1st period - Daultan Leveillé wins face-off versus Max Reinhart in neutral zone.
3:40 of 1st period - Wrist shot by J.T. Brown.
3:40 of 1st period - Shot Blocked by Niklas Hansson.
3:44 of 1st period - Wrist shot by J.T. Brown.
3:44 of 1st period - Deflect By Taylor Beck.
3:44 of 1st period - Shot Misses the Net.
3:44 of 1st period - Puck is out of play.
3:45 of 1st period - Daultan Leveillé wins face-off versus Jonathan Matsumoto in Remparts zone.
3:46 of 1st period - Snap shot by Spencer Machacek.
3:46 of 1st period - Stopped by Garret Sparks without a rebound.
3:47 of 1st period - Jonathan Matsumoto wins face-off versus Daultan Leveillé in Remparts zone.
5:19 of 1st period - Snap shot by Jake Virtanen.
5:19 of 1st period - Stopped by Alex Stalock with a rebound.
5:21 of 1st period - Wrist shot by Roberts Lipsbergs.
5:21 of 1st period - Shot Misses the Net.
5:23 of 1st period - Slapshot by Viktor Baldayev.
5:23 of 1st period - Deflect By Sam Reinhart.
5:23 of 1st period - Shot Misses the Net.
5:23 of 1st period - Puck is out of play.
5:24 of 1st period - Max Reinhart wins face-off versus Phil McRae in Demolitions zone.
5:27 of 1st period - Snap shot by Pontus Aberg.
5:27 of 1st period - Shot Misses the Net.
5:35 of 1st period - Backhand shot by Ryan Strome.
5:35 of 1st period - Stopped by Alex Stalock with a rebound.
5:37 of 1st period - Snap shot by Max Reinhart.
5:37 of 1st period - Shot Misses the Net.
6:36 of 1st period - Snap shot by Christoph Bertschy.
6:36 of 1st period - Stopped by Garret Sparks with a rebound.
6:38 of 1st period - Slapshot by Christoph Bertschy.
6:38 of 1st period - Shot Blocked by Mark Pysyk.
7:32 of 1st period - Wrist shot by Sam Reinhart.
7:32 of 1st period - Deflect By Jonathan Matsumoto.
7:32 of 1st period - Shot Misses the Net.
7:32 of 1st period - Puck is out of play.
7:33 of 1st period - Daultan Leveillé wins face-off versus Jonathan Matsumoto in Demolitions zone.
7:50 of 1st period - Wrist shot by Daultan Leveillé.
7:50 of 1st period - Shot Blocked by Mark Pysyk.
7:52 of 1st period - Snap shot by Daultan Leveillé.
7:52 of 1st period - Shot Misses the Net.
7:54 of 1st period - Slapshot by Jake Muzzin.
7:54 of 1st period - Shot Blocked by William Colbert.
7:56 of 1st period - Slapshot by Jake Muzzin.
7:56 of 1st period - Shot Misses the Net.
8:00 of 1st period - Wrist shot by Spencer Machacek.
8:00 of 1st period - Shot Misses the Net.
8:02 of 1st period - Snap shot by Spencer Machacek.
8:02 of 1st period - Stopped by Garret Sparks without a rebound.
8:03 of 1st period - Max Reinhart wins face-off versus J.T. Brown in Remparts zone.
8:05 of 1st period - Minor Penalty to Pontus Aberg for Interference.
8:06 of 1st period - Daultan Leveillé wins face-off versus Max Reinhart in Remparts zone.
8:06 of 1st period - Snap shot by Spencer Machacek.
8:06 of 1st period - Stopped by Garret Sparks without a rebound.
8:07 of 1st period - Daultan Leveillé wins face-off versus Max Reinhart in Remparts zone.
8:16 of 1st period - Slapshot by Jonathan Blum.
8:16 of 1st period - Shot Misses the Net.
8:18 of 1st period - Slapshot by Jake Muzzin.
8:18 of 1st period - Deflect By Mark Pysyk.
8:18 of 1st period - Stopped by Garret Sparks with a rebound.
8:20 of 1st period - Snap shot by Brandon Saad.
8:20 of 1st period - Stopped by Garret Sparks without a rebound.
8:21 of 1st period - Max Reinhart wins face-off versus Daultan Leveillé in Remparts zone.
9:07 of 1st period - Spencer Machacek is hit by Max Reinhart and loses puck.
10:05 of 1st period - Penalty to Pontus Aberg is over, Pontus Aberg is back on ice.
10:35 of 1st period - Slapshot by Max Friberg.
10:35 of 1st period - Stopped by Garret Sparks without a rebound.
10:36 of 1st period - Christoph Bertschy wins face-off versus Cédric Lalonde-McNicoll in Remparts zone.
10:55 of 1st period - Minor Penalty to Jake Muzzin for Hooking.
10:56 of 1st period - Spencer Machacek wins face-off versus Max Reinhart in Demolitions zone.
12:18 of 1st period - Icing by Ryan Strome.
12:19 of 1st period - J.T. Brown wins face-off versus Ryan Strome in Remparts zone.
12:55 of 1st period - Penalty to Jake Muzzin is over, Jake Muzzin is back on ice.
13:12 of 1st period - Snap shot by Daultan Leveillé.
13:12 of 1st period - Shot Misses the Net.
13:14 of 1st period - Slapshot by Robert Bortuzzo.
13:14 of 1st period - Shot Blocked by Nail Yakupov.
13:16 of 1st period - Slapshot by Jake Muzzin.
13:16 of 1st period - Stopped by Garret Sparks with a rebound.
13:18 of 1st period - Snap shot by Jake Muzzin.
13:18 of 1st period - Stopped by Garret Sparks without a rebound.
13:19 of 1st period - Andrej Nestrasil wins face-off versus Sam Reinhart in Remparts zone.
13:28 of 1st period - Snap shot by Taylor Beck.
13:28 of 1st period - Stopped by Garret Sparks with a rebound.
13:30 of 1st period - Snap shot by J.T. Brown.
13:30 of 1st period - Stopped by Garret Sparks with a rebound.
13:34 of 1st period - Snap shot by Andrej Nestrasil.
13:34 of 1st period - Shot Misses the Net.
13:46 of 1st period - Ryan Pulock is hit by Niklas Hansson and loses puck.
14:09 of 1st period - Slapshot by Jonathan Matsumoto.
14:09 of 1st period - Stopped by Alex Stalock with a rebound.
14:52 of 1st period - Minor Penalty to Viktor Baldayev for Hooking.
14:53 of 1st period - Daultan Leveillé wins face-off versus Max Reinhart in Remparts zone.
15:41 of 1st period - Snap shot by Daultan Leveillé.
15:41 of 1st period - Shot Blocked by Michal Jordan.
15:43 of 1st period - Wrist shot by Brandon Saad.
15:43 of 1st period - Deflect By Daultan Leveillé.
15:43 of 1st period - Shot Misses the Net.
15:43 of 1st period - Puck is out of play.
15:44 of 1st period - Andrej Nestrasil wins face-off versus Max Reinhart in Remparts zone.
16:42 of 1st period - Michal Jordan is hit by Taylor Beck and loses puck.
16:52 of 1st period - Penalty to Viktor Baldayev is over, Viktor Baldayev is back on ice.
17:03 of 1st period - Slapshot by Mark Pysyk.
17:03 of 1st period - Stopped by Alex Stalock with a rebound.
17:06 of 1st period - Icing by Nikita Tryamkin.
17:07 of 1st period - Phil McRae wins face-off versus Jonathan Matsumoto in Demolitions zone.
17:07 of 1st period - Phil McRae is hit by Jonathan Matsumoto.
17:15 of 1st period - Snap shot by Dennis Everberg.
17:15 of 1st period - Shot Misses the Net.
17:17 of 1st period - Slapshot by Nikita Tryamkin.
17:17 of 1st period - Stopped by Garret Sparks with a rebound.
17:19 of 1st period - Slapshot by Robert Bortuzzo.
17:19 of 1st period - Deflect By Lane MacDermid.
17:19 of 1st period - Shot Blocked by Guillaume Desbiens.
17:19 of 1st period - Puck is out of play.
17:20 of 1st period - Andrej Nestrasil wins face-off versus Max Reinhart in Remparts zone.
18:03 of 1st period - Icing by Jake Muzzin.
18:04 of 1st period - Cédric Lalonde-McNicoll wins face-off versus Phil McRae in Demolitions zone.
18:06 of 1st period - Minor Penalty to Mark Pysyk for Hooking.
18:07 of 1st period - Max Reinhart wins face-off versus Daultan Leveillé in Remparts zone.
18:17 of 1st period - Off-side.
18:18 of 1st period - Daultan Leveillé wins face-off versus Max Reinhart in neutral zone.
18:42 of 1st period - Ryan Strome is hit by Taylor Beck and loses puck.
19:53 of 1st period - Viktor Baldayev is hit by Taylor Beck.
Goals for this period are 0 for Demolitions vs 0 for Remparts.
Shots for this period are 13 for Demolitions vs 6 for Remparts.
2nd period
0:01 of 2nd period - Max Reinhart wins face-off versus Brandon Saad in neutral zone.
0:06 of 2nd period - Penalty to Mark Pysyk is over, Mark Pysyk is back on ice.
1:00 of 2nd period - Wrist shot by Max Friberg.
1:00 of 2nd period - Stopped by Garret Sparks with a rebound.
1:10 of 2nd period - Slapshot by Jonathan Matsumoto.
1:10 of 2nd period - Shot Blocked by Lane MacDermid.
1:12 of 2nd period - Snap shot by Niklas Hansson.
1:12 of 2nd period - Stopped by Alex Stalock without a rebound.
1:13 of 2nd period - Cédric Lalonde-McNicoll wins face-off versus Phil McRae in Demolitions zone.
1:17 of 2nd period - Off-side.
1:18 of 2nd period - Max Reinhart wins face-off versus Daultan Leveillé in neutral zone.
1:39 of 2nd period - Minor Penalty to Mark Pysyk for Hooking.
1:40 of 2nd period - Daultan Leveillé wins face-off versus Max Reinhart in Remparts zone.
1:41 of 2nd period - Snap shot by Spencer Machacek.
1:41 of 2nd period - Shot Misses the Net.
1:43 of 2nd period - Slapshot by Jake Muzzin.
1:43 of 2nd period - Shot Blocked by Niklas Hansson.
1:45 of 2nd period - Wrist shot by Jake Muzzin.
1:45 of 2nd period - Shot Misses the Net.
1:47 of 2nd period - Snap shot by Brandon Saad.
1:47 of 2nd period - Stopped by Garret Sparks with a rebound.
1:49 of 2nd period - Slapshot by Jake Muzzin.
1:49 of 2nd period - Stopped by Garret Sparks with a rebound.
1:51 of 2nd period - Wrist shot by Jake Muzzin.
1:51 of 2nd period - Stopped by Garret Sparks without a rebound.
1:52 of 2nd period - Daultan Leveillé wins face-off versus Max Reinhart in Remparts zone.
1:57 of 2nd period - Wrist shot by Brandon Saad.
1:57 of 2nd period - Stopped by Garret Sparks without a rebound.
1:58 of 2nd period - Max Reinhart wins face-off versus Daultan Leveillé in Remparts zone.
3:21 of 2nd period - Michal Jordan is hit by Andrej Nestrasil.
3:39 of 2nd period - Penalty to Mark Pysyk is over, Mark Pysyk is back on ice.
3:49 of 2nd period - Snap shot by Jake Virtanen.
3:49 of 2nd period - Stopped by Alex Stalock with a rebound.
4:09 of 2nd period - Snap shot by Lane MacDermid.
4:09 of 2nd period - Goal by Lane MacDermid - Demolitions : 1 - Remparts : 0.
4:10 of 2nd period - Daultan Leveillé wins face-off versus Max Reinhart in neutral zone.
4:35 of 2nd period - Wrist shot by Andrej Nestrasil.
4:35 of 2nd period - Shot Blocked by Jonathan Matsumoto.
5:01 of 2nd period - Slapshot by Nail Yakupov.
5:01 of 2nd period - Stopped by Alex Stalock with a rebound.
5:03 of 2nd period - Slapshot by Matt Puempel.
5:03 of 2nd period - Stopped by Alex Stalock with a rebound.
5:05 of 2nd period - Snap shot by Cédric Lalonde-McNicoll.
5:05 of 2nd period - Deflect By Nail Yakupov.
5:05 of 2nd period - Stopped by Alex Stalock without a rebound.
5:06 of 2nd period - Daultan Leveillé wins face-off versus Max Reinhart in Demolitions zone.
5:17 of 2nd period - Backhand shot by Pontus Aberg.
5:17 of 2nd period - Stopped by Alex Stalock with a rebound.
5:21 of 2nd period - Wrist shot by Ryan Strome.
5:21 of 2nd period - Shot Misses the Net.
5:31 of 2nd period - William Colbert is hit by Andrej Nestrasil and loses puck.
5:38 of 2nd period - Wrist shot by Taylor Beck.
5:38 of 2nd period - Shot Misses the Net.
5:40 of 2nd period - Wrist shot by J.T. Brown.
5:40 of 2nd period - Stopped by Garret Sparks with a rebound.
5:58 of 2nd period - Nikita Tryamkin is hit by Nail Yakupov and loses puck.
6:44 of 2nd period - Wrist shot by Christoph Bertschy.
6:44 of 2nd period - Shot Misses the Net.
6:46 of 2nd period - Snap shot by Christoph Bertschy.
6:46 of 2nd period - Shot Blocked by Michal Jordan.
6:48 of 2nd period - Slapshot by Nick Pryor.
6:48 of 2nd period - Stopped by Garret Sparks without a rebound.
6:49 of 2nd period - Jonathan Matsumoto wins face-off versus Daultan Leveillé in Remparts zone.
8:21 of 2nd period - Snap shot by Guillaume Desbiens.
8:21 of 2nd period - Shot Misses the Net.
8:23 of 2nd period - Snap shot by Guillaume Desbiens.
8:23 of 2nd period - Shot Misses the Net.
8:25 of 2nd period - Slapshot by Viktor Baldayev.
8:25 of 2nd period - Stopped by Alex Stalock with a rebound.
8:45 of 2nd period - Snap shot by Max Reinhart.
8:45 of 2nd period - Stopped by Alex Stalock with a rebound.
8:55 of 2nd period - Lane MacDermid is hit by Matt Puempel and loses puck.
9:38 of 2nd period - Slapshot by Jonathan Matsumoto.
9:38 of 2nd period - Shot Misses the Net.
9:40 of 2nd period - Slapshot by William Colbert.
9:40 of 2nd period - Deflect By Max Friberg.
9:40 of 2nd period - Stopped by Alex Stalock without a rebound.
9:41 of 2nd period - Jonathan Matsumoto wins face-off versus Andrej Nestrasil in Demolitions zone.
10:14 of 2nd period - Slapshot by Jonathan Blum.
10:14 of 2nd period - Stopped by Garret Sparks with a rebound.
10:16 of 2nd period - Wrist shot by Jake Muzzin.
10:16 of 2nd period - Stopped by Garret Sparks with a rebound.
10:36 of 2nd period - Lane MacDermid is hit by Mark Pysyk and loses puck.
10:51 of 2nd period - Slapshot by Ryan Pulock.
10:51 of 2nd period - Shot Misses the Net.
10:55 of 2nd period - Snap shot by Max Friberg.
10:55 of 2nd period - Shot Misses the Net.
10:57 of 2nd period - Wrist shot by Joshua Leivo.
10:57 of 2nd period - Shot Misses the Net.
10:59 of 2nd period - Snap shot by Ryan Pulock.
10:59 of 2nd period - Stopped by Garret Sparks with a rebound.
11:09 of 2nd period - Slapshot by J.T. Brown.
11:09 of 2nd period - Stopped by Garret Sparks without a rebound.
11:10 of 2nd period - Andrej Nestrasil wins face-off versus Jonathan Matsumoto in Remparts zone.
11:13 of 2nd period - Snap shot by J.T. Brown.
11:13 of 2nd period - Stopped by Garret Sparks without a rebound.
11:14 of 2nd period - Daultan Leveillé wins face-off versus Guillaume Desbiens in Remparts zone.
11:25 of 2nd period - Snap shot by Guillaume Desbiens.
11:25 of 2nd period - Shot Misses the Net.
11:27 of 2nd period - Backhand shot by Brendan Perlini.
11:27 of 2nd period - Shot Misses the Net.
11:29 of 2nd period - Slapshot by Niklas Hansson.
11:29 of 2nd period - Shot Blocked by Jonathan Blum.
11:31 of 2nd period - Wrist shot by Brendan Perlini.
11:31 of 2nd period - Shot Misses the Net.
11:33 of 2nd period - Snap shot by Brendan Perlini.
11:33 of 2nd period - Stopped by Alex Stalock with a rebound.
11:35 of 2nd period - Snap shot by Brendan Perlini.
11:35 of 2nd period - Goal by Brendan Perlini - Demolitions : 1 - Remparts : 1.
11:36 of 2nd period - Max Reinhart wins face-off versus Brandon Saad in neutral zone.
11:57 of 2nd period - Minor Penalty to Ryan Strome for Hooking.
11:58 of 2nd period - Max Reinhart wins face-off versus Daultan Leveillé in Remparts zone.
13:40 of 2nd period - Wrist shot by Guillaume Desbiens.
13:40 of 2nd period - Deflect By Cédric Lalonde-McNicoll.
13:40 of 2nd period - Shot Misses the Net.
13:40 of 2nd period - Puck is out of play.
13:41 of 2nd period - Andrej Nestrasil wins face-off versus Cédric Lalonde-McNicoll in Demolitions zone.
13:57 of 2nd period - Penalty to Ryan Strome is over, Ryan Strome is back on ice.
14:02 of 2nd period - Snap shot by Lane MacDermid.
14:02 of 2nd period - Stopped by Garret Sparks without a rebound.
14:03 of 2nd period - Max Reinhart wins face-off versus Phil McRae in Remparts zone.
14:03 of 2nd period - Max Reinhart is hit by Phil McRae.
14:13 of 2nd period - Snap shot by Ryan Strome.
14:13 of 2nd period - Deflect By Dennis Everberg.
14:13 of 2nd period - Goal by Ryan Strome - Demolitions : 1 - Remparts : 2.
14:14 of 2nd period - Daultan Leveillé wins face-off versus Max Reinhart in neutral zone.
14:17 of 2nd period - Ryan Strome is hit by Daultan Leveillé and loses puck.
14:40 of 2nd period - Taylor Beck is hit by Mark Pysyk and loses puck.
15:07 of 2nd period - Snap shot by Dennis Everberg.
15:07 of 2nd period - Stopped by Garret Sparks without a rebound.
15:08 of 2nd period - Daultan Leveillé wins face-off versus Max Reinhart in Remparts zone.
15:15 of 2nd period - Wrist shot by Spencer Machacek.
15:15 of 2nd period - Shot Misses the Net.
16:11 of 2nd period - Snap shot by Sam Reinhart.
16:11 of 2nd period - Stopped by Alex Stalock without a rebound.
16:12 of 2nd period - Max Reinhart wins face-off versus Spencer Machacek in Demolitions zone.
16:13 of 2nd period - Snap shot by Pontus Aberg.
16:13 of 2nd period - Shot Misses the Net.
16:25 of 2nd period - Snap shot by Daultan Leveillé.
16:25 of 2nd period - Shot Misses the Net.
16:27 of 2nd period - Slapshot by Jonathan Blum.
16:27 of 2nd period - Shot Misses the Net.
16:33 of 2nd period - Minor Penalty to Ryan Strome for Hooking.
16:34 of 2nd period - Daultan Leveillé wins face-off versus Max Reinhart in Remparts zone.
16:49 of 2nd period - Slapshot by Jonathan Blum.
16:49 of 2nd period - Stopped by Garret Sparks without a rebound.
16:50 of 2nd period - Daultan Leveillé wins face-off versus Max Reinhart in Remparts zone.
16:59 of 2nd period - Slapshot by Jonathan Blum.
16:59 of 2nd period - Shot Misses the Net.
17:01 of 2nd period - Slapshot by Jonathan Blum.
17:01 of 2nd period - Stopped by Garret Sparks with a rebound.
17:36 of 2nd period - Icing by Brandon Saad.
17:37 of 2nd period - Jake Virtanen wins face-off versus Daultan Leveillé in Demolitions zone.
18:33 of 2nd period - Penalty to Ryan Strome is over, Ryan Strome is back on ice.
18:33 of 2nd period - Minor Penalty to Ryan Strome for Tripping.
18:34 of 2nd period - Max Reinhart wins face-off versus Brandon Saad in Remparts zone.
19:35 of 2nd period - William Colbert is hit by Andrej Nestrasil and loses puck.
Goals for this period are 1 for Demolitions vs 2 for Remparts.
Shots for this period are 17 for Demolitions vs 13 for Remparts.
3rd period
0:01 of 3rd period - Daultan Leveillé wins face-off versus Max Reinhart in neutral zone.
0:33 of 3rd period - Penalty to Ryan Strome is over, Ryan Strome is back on ice.
0:52 of 3rd period - Slapshot by Jonathan Matsumoto.
0:52 of 3rd period - Shot Misses the Net.
0:54 of 3rd period - Slapshot by Brendan Perlini.
0:54 of 3rd period - Shot Misses the Net.
0:56 of 3rd period - Wrist shot by Mark Pysyk.
0:56 of 3rd period - Deflect By Brendan Perlini.
0:56 of 3rd period - Shot Blocked by Robert Bortuzzo.
0:56 of 3rd period - Puck is out of play.
0:57 of 3rd period - Guillaume Desbiens wins face-off versus Daultan Leveillé in Demolitions zone.
1:04 of 3rd period - Wrist shot by Guillaume Desbiens.
1:04 of 3rd period - Shot Misses the Net.
1:06 of 3rd period - Wrist shot by Guillaume Desbiens.
1:06 of 3rd period - Shot Blocked by Nikita Tryamkin.
1:08 of 3rd period - Snap shot by Guillaume Desbiens.
1:08 of 3rd period - Shot Misses the Net.
1:51 of 3rd period - Snap shot by Pontus Aberg.
1:51 of 3rd period - Stopped by Alex Stalock without a rebound.
1:52 of 3rd period - Max Reinhart wins face-off versus Daultan Leveillé in Demolitions zone.
2:07 of 3rd period - Minor Penalty to Robert Bortuzzo for High sticking.
2:08 of 3rd period - Spencer Machacek wins face-off versus Max Reinhart in Demolitions zone.
2:08 of 3rd period - Spencer Machacek is hit by Pontus Aberg.
3:16 of 3rd period - Backhand shot by Jonathan Matsumoto.
3:16 of 3rd period - Shot Misses the Net.
3:43 of 3rd period - Slapshot by Mark Pysyk.
3:43 of 3rd period - Deflect By Pontus Aberg.
3:43 of 3rd period - Stopped by Alex Stalock with a rebound.
4:07 of 3rd period - Penalty to Robert Bortuzzo is over, Robert Bortuzzo is back on ice.
4:58 of 3rd period - Snap shot by Ryan Strome.
4:58 of 3rd period - Shot Misses the Net.
5:09 of 3rd period - Off-side.
5:10 of 3rd period - Daultan Leveillé wins face-off versus Jake Virtanen in neutral zone.
5:52 of 3rd period - Nail Yakupov is hit by Lane MacDermid and loses puck.
5:57 of 3rd period - Wrist shot by Dennis Everberg.
5:57 of 3rd period - Shot Misses the Net.
5:59 of 3rd period - Snap shot by Lane MacDermid.
5:59 of 3rd period - Stopped by Garret Sparks without a rebound.
6:00 of 3rd period - Daultan Leveillé wins face-off versus Max Reinhart in Remparts zone.
6:03 of 3rd period - Snap shot by Spencer Machacek.
6:03 of 3rd period - Stopped by Garret Sparks with a rebound.
6:09 of 3rd period - Taylor Aronson is hit by Pontus Aberg and loses puck.
6:46 of 3rd period - Snap shot by Lane MacDermid.
6:46 of 3rd period - Shot Blocked by Niklas Hansson.
7:08 of 3rd period - Snap shot by Max Reinhart.
7:08 of 3rd period - Stopped by Alex Stalock without a rebound.
7:09 of 3rd period - Max Friberg wins face-off versus Max Reinhart in Demolitions zone.
7:21 of 3rd period - Off-side.
7:22 of 3rd period - Daultan Leveillé wins face-off versus Max Reinhart in neutral zone.
8:09 of 3rd period - Nikita Tryamkin is hit by Cédric Lalonde-McNicoll and loses puck.
8:20 of 3rd period - Slapshot by Cédric Lalonde-McNicoll.
8:20 of 3rd period - Stopped by Alex Stalock with a rebound.
8:26 of 3rd period - Minor Penalty to Phil McRae for Hooking.
8:27 of 3rd period - Spencer Machacek wins face-off versus Max Reinhart in Demolitions zone.
8:42 of 3rd period - Jonathan Blum is hit by Ryan Strome and loses puck.
8:53 of 3rd period - Spencer Machacek is hit by Jonathan Matsumoto and loses puck.
10:25 of 3rd period - Michal Jordan is hit by Alex Hutchings and loses puck.
10:26 of 3rd period - Penalty to Phil McRae is over, Phil McRae is back on ice.
10:34 of 3rd period - Alex Hutchings is hit by Sam Reinhart and loses puck.
11:38 of 3rd period - Snap shot by Joshua Leivo.
11:38 of 3rd period - Stopped by Garret Sparks without a rebound.
11:39 of 3rd period - Cédric Lalonde-McNicoll wins face-off versus Christoph Bertschy in Remparts zone.
11:39 of 3rd period - Cédric Lalonde-McNicoll is hit by Jonathan Blum.
11:56 of 3rd period - Minor Penalty to Matt Puempel for Holding Stick.
11:57 of 3rd period - Daultan Leveillé wins face-off versus Max Reinhart in Remparts zone.
12:43 of 3rd period - Off-side.
12:44 of 3rd period - Daultan Leveillé wins face-off versus Cédric Lalonde-McNicoll in neutral zone.
13:09 of 3rd period - Wrist shot by Taylor Beck.
13:09 of 3rd period - Deflect By J.T. Brown.
13:09 of 3rd period - Deflect By Guillaume Desbiens.
13:09 of 3rd period - Shot Misses the Net.
13:09 of 3rd period - Puck is out of play.
13:10 of 3rd period - Cédric Lalonde-McNicoll wins face-off versus Andrej Nestrasil in Remparts zone.
13:27 of 3rd period - Snap shot by Taylor Beck.
13:27 of 3rd period - Stopped by Garret Sparks with a rebound.
13:29 of 3rd period - Snap shot by Nikita Tryamkin.
13:29 of 3rd period - Goal by Nikita Tryamkin - Demolitions : 2 - Remparts : 2.
13:30 of 3rd period - Max Reinhart wins face-off versus Daultan Leveillé in neutral zone.
13:33 of 3rd period - Slapshot by Max Reinhart.
13:33 of 3rd period - Goal by Max Reinhart - Demolitions : 2 - Remparts : 3.
13:34 of 3rd period - Max Reinhart wins face-off versus Daultan Leveillé in neutral zone.
13:36 of 3rd period - Mark Pysyk is hit by Jake Muzzin and loses puck.
14:25 of 3rd period - Icing by Nikita Tryamkin.
14:26 of 3rd period - Cédric Lalonde-McNicoll wins face-off versus Phil McRae in Demolitions zone.
14:56 of 3rd period - Jonathan Blum is hit by Matt Puempel.
15:18 of 3rd period - Michal Jordan is hit by Jake Muzzin.
15:31 of 3rd period - Icing by Jake Muzzin.
15:32 of 3rd period - Max Reinhart wins face-off versus Phil McRae in Demolitions zone.
15:44 of 3rd period - Wrist shot by Phil McRae.
15:44 of 3rd period - Stopped by Garret Sparks without a rebound.
15:45 of 3rd period - Daultan Leveillé wins face-off versus Max Reinhart in Remparts zone.
15:54 of 3rd period - Slapshot by William Colbert.
15:54 of 3rd period - Stopped by Alex Stalock with a rebound.
16:25 of 3rd period - Andrej Nestrasil is hit by Jonathan Matsumoto and loses puck.
16:36 of 3rd period - Snap shot by Pontus Aberg.
16:36 of 3rd period - Shot Misses the Net.
16:38 of 3rd period - Wrist shot by Pontus Aberg.
16:38 of 3rd period - Shot Misses the Net.
16:40 of 3rd period - Snap shot by Pontus Aberg.
16:40 of 3rd period - Deflect By Taylor Beck.
16:40 of 3rd period - Shot Misses the Net.
16:40 of 3rd period - Puck is out of play.
16:41 of 3rd period - Max Reinhart wins face-off versus Daultan Leveillé in Demolitions zone.
16:50 of 3rd period - Slapshot by Jonathan Blum.
16:50 of 3rd period - Deflect By Pontus Aberg.
16:50 of 3rd period - Stopped by Garret Sparks without a rebound.
16:51 of 3rd period - Nail Yakupov wins face-off versus Daultan Leveillé in Remparts zone.
17:10 of 3rd period - Slapshot by Jonathan Blum.
17:10 of 3rd period - Shot Misses the Net.
17:28 of 3rd period - Slapshot by Spencer Machacek.
17:28 of 3rd period - Shot Misses the Net.
17:36 of 3rd period - Wrist shot by Daultan Leveillé.
17:36 of 3rd period - Stopped by Garret Sparks with a rebound.
17:38 of 3rd period - Snap shot by Jake Muzzin.
17:38 of 3rd period - Stopped by Garret Sparks without a rebound.
17:39 of 3rd period - Sam Reinhart wins face-off versus Dennis Everberg in Remparts zone.
17:39 of 3rd period - Sam Reinhart is hit by Phil McRae.
17:45 of 3rd period - Slapshot by William Colbert.
17:45 of 3rd period - Shot Misses the Net.
17:47 of 3rd period - Slapshot by Mark Pysyk.
17:47 of 3rd period - Deflect By Dennis Everberg.
17:47 of 3rd period - Stopped by Alex Stalock without a rebound.
17:48 of 3rd period - Cédric Lalonde-McNicoll wins face-off versus Phil McRae in Demolitions zone.
17:53 of 3rd period - Wrist shot by Cédric Lalonde-McNicoll.
17:53 of 3rd period - Shot Misses the Net.
18:15 of 3rd period - Snap shot by Lane MacDermid.
18:15 of 3rd period - Stopped by Garret Sparks with a rebound.
18:17 of 3rd period - Snap shot by Dennis Everberg.
18:17 of 3rd period - Stopped by Garret Sparks with a rebound.
18:19 of 3rd period - Slapshot by Robert Bortuzzo.
18:19 of 3rd period - Shot Blocked by Mark Pysyk.
18:21 of 3rd period - Snap shot by Robert Bortuzzo.
18:21 of 3rd period - Shot Blocked by Cédric Lalonde-McNicoll.
18:25 of 3rd period - Snap shot by Lane MacDermid.
18:25 of 3rd period - Shot Misses the Net.
18:31 of 3rd period - Snap shot by Lane MacDermid.
18:31 of 3rd period - Stopped by Garret Sparks with a rebound.
18:33 of 3rd period - Snap shot by Nikita Tryamkin.
18:33 of 3rd period - Shot Blocked by Mark Pysyk.
18:45 of 3rd period - Demolitions, Alex Stalock is pulled from the net.
18:57 of 3rd period - Backhand shot by Lane MacDermid.
18:57 of 3rd period - Shot Misses the Net.
19:09 of 3rd period - Wrist shot by Dennis Everberg.
19:09 of 3rd period - Stopped by Garret Sparks without a rebound.
19:10 of 3rd period - Darryl Sutter call a timeout for Demolitions.
19:10 of 3rd period - Max Reinhart wins face-off versus Brandon Saad in Remparts zone.
19:10 of 3rd period - Max Reinhart is hit by Spencer Machacek.
Goals for this period are 1 for Demolitions vs 1 for Remparts.
Shots for this period are 13 for Demolitions vs 7 for Remparts.
Back to the Top